 Dungeon Crawl Stone Soup version 0.19-a0-1717-gc7c1317 (webtiles) character file.

11930 Flanowski the Martial Artist (level 11, 0/52 HPs)
             Began as a Vine Stalker Transmuter on Sept 29, 2016.
             Was a Believer of Ashenzari.
             Slain by a blink frog (1 damage)
             ... on level 1 of the Lair of Beasts.
             The game lasted 00:28:07 (12072 turns).

Flanowski the Martial Artist (VSTm)                Turns: 12072, Time: 00:28:07

Health: 0/52       AC:  6    Str: 15    XL:     11   Next: 85%
Magic:  0/23       EV: 15    Int: 13    God:    Ashenzari [**....]
Gold:   294        SH:  0    Dex: 18    Spells: 6 memorised, 3 levels left

rFire  + . .     SeeInvis .       - Unarmed
rCold  . . .     Gourm    .     b - +0 robe
rNeg   . . .     Faith    .     (shield currently unavailable)
rPois  .         Spirit   +     (no helmet)
rElec  .         Dismiss  +     H - +2 cloak "Fixyrcheph" {rF+ Stlth+} (curse)
rCorr  .         Reflect  .     (gloves currently unavailable)
MR     +....     Harm     .     (no boots)
Stlth  +++.......               f - amulet of dismissal
                                y - ring of wizardry (curse)
                                n - +2 ring of dexterity (curse)

@: blade hands (expiring)
A: fangs 3, regeneration 1, magic shield, antimagic bite, no device heal 3, rot
immunity
a: End Transformation, Curse Item, Scrying, Renounce Religion


You were on level 1 of the Lair of Beasts.
You worshipped Ashenzari.
Ashenzari was pleased with you.
You were not hungry.
You had blades for hands.
You visited 3 branches of the dungeon, and saw 13 of its levels.

You collected 560 gold pieces.
You spent 266 gold pieces at shops.

Inventory:

Missiles
 a - 116 arrows
Armour
 b - a +0 robe (worn)
 H - the cursed +2 cloak "Fixyrcheph" (worn) {rF+ Stlth+}
   (You bought it in a shop on level 5 of the Dungeon)

   It protects you from fire.
   It makes you more stealthy.
   It has a curse placed upon it.
Jewellery
 f - an amulet of dismissal (around neck)
 n - a cursed +2 ring of dexterity (left scythe-like blade)
 y - a cursed ring of wizardry (right scythe-like blade)
Wands
 o - a wand of slowing (30/48)
 t - a wand of slowing (34/48)
 P - a wand of confusion (15/48)
 X - a wand of enslavement (16/24)
Scrolls
 e - 11 scrolls of identify
 k - a scroll of magic mapping {unknown}
 l - 2 scrolls of teleportation
 q - a scroll of immolation {unknown}
 s - a scroll of fog {unknown}
 x - 3 scrolls of fear {unknown}
 z - a scroll of amnesia {unknown}
 B - 2 scrolls of random uselessness {unknown}
 C - 2 scrolls of recharging {unknown}
 J - a scroll of blinking {unknown}
 N - a scroll of enchant armour {unknown}
 V - a scroll of noise {unknown}
 Y - a scroll of remove curse
Potions
 h - 3 potions of curing
 i - 8 potions of haste {unknown}
 m - a potion of magic {unknown}
 p - 4 potions of flight {unknown}
 E - 2 potions of resistance {unknown}
 K - 4 potions of degeneration {unknown}
 S - a potion of cancellation {unknown}
Books
 c - a book of Changes

   Spells                             Type                      Level
   a - Beastly Appendage              Transmutation                1
   b - Sticks to Snakes               Transmutation                2
   c - Spider Form                    Transmutation/Poison         3
   d - Ice Form                       Ice/Transmutation            4
   e - Blade Hands                    Transmutation                5
 I - a book of the Dragon

   Spells                             Type                      Level
   a - Flame Tongue                   Conjuration/Fire             1
   b - Cause Fear                     Hexes                        4
   c - Bolt of Fire                   Conjuration/Fire             6
   d - Dragon Form                    Transmutation                7
   e - Dragon's Call                  Summoning                    9
 O - a book of Minor Magic

   Spells                             Type                      Level
   a - Magic Dart                     Conjuration                  1
   b - Blink                          Translocation                2
   c - Call Imp                       Summoning                    2
   d - Repel Missiles                 Charms/Air                   2
   e - Slow                           Hexes                        2
   f - Conjure Flame                  Conjuration/Fire             3
   g - Mephitic Cloud                 Conjuration/Poison/Air       3
 Q - a book of Death

   Spells                             Type                      Level
   a - Corpse Rot                     Necromancy                   2
   b - Sublimation of Blood           Necromancy                   2
   c - Agony                          Necromancy                   5
   d - Dispel Undead                  Necromancy                   5
   e - Excruciating Wounds            Charms/Necromancy            5
   f - Bolt of Draining               Conjuration/Necromancy       5
 Z - a book of Cantrips

   Spells                             Type                      Level
   a - Confusing Touch                Hexes                        1
   b - Animate Skeleton               Necromancy                   1
   c - Summon Small Mammal            Summoning                    1
   d - Apportation                    Translocation                1
Comestibles
 d - 9 bread rations
 g - 14 fruits
 j - 8 chunks of flesh
 w - 3 meat rations
 F - a royal jelly


   Skills:
 + Level 3.3 Fighting
 + Level 4.6 Dodging
 + Level 11.6 Unarmed Combat
 + Level 7.8 Spellcasting
 * Level 11.0(12.3) Transmutations
 - Level 0.2(0.5) Poison Magic


You had 3 spell levels left.
You knew the following spells:

 Your Spells              Type           Power        Failure   Level  Hunger
a - Beastly Appendage     Tmut           #####.       3%          1    None
b - Sticks to Snakes      Tmut           #####...     4%          2    None
c - Spider Form           Tmut/Pois      ###.......   12%         3    ##.....
d - Blade Hands           Tmut           #####.....   10%         5    #####..
e - Ice Form              Ice/Tmut       ###.....     22%         4    ####...
f - Dragon Form           Tmut           #####.....   78%         7    #######


Dungeon Overview and Level Annotations

Branches:
Dungeon (11/15)            Temple (1/1) D:4            Lair (1/6) D:10
    Orc: D:9-12

Altars:
Ashenzari
Cheibriados
Dithmenos
Elyvilon
Fedhas
Gozag
Hepliaklqana
Kikubaaqudgha
Makhleb
Nemelex Xobeh
Okawaru
Qazlal
Ru
Sif Muna
Trog
Uskayaw
Vehumet
Xom
Yredelemnul
Zin
The Shining One

Shops:
D:4 =   D:5 [*([   D:6 %


Innate Abilities, Weirdness & Mutations

You have razor-sharp teeth.
Your natural rate of healing is unusually fast.
When hurt, damage is shared between your health and your magic reserves.
Your bite disrupts and absorbs the magic of your enemies.
Potions and wands cannot restore your health.
You are immune to rotting.


Message History

The blink frog barely misses you. The blink frog hits you.
The blink frog closely misses you.
The blink frog hits you but does no damage.
There is a staircase back to the Dungeon, spattered with blood here.
You slash the blink frog! Your bite misses the blink frog.
The blink frog is heavily wounded.
The blink frog closely misses you. The blink frog hits you.
The blink frog blinks!
The blink frog hits you but does no damage.
You slash the blink frog! You bite the blink frog.
The blink frog's magic leaks into the air.
You drain its magic.
You feel invigorated.
The blink frog is almost dead.
The blink frog blinks!
The blink frog hits you! x2
* * * LOW HITPOINT WARNING * * *
Your transformation is almost over.
The blink frog hits you!
* * * LOW HITPOINT WARNING * * *
The blink frog misses you. The blink frog hits you.
You die...

#..... ... , .
#8.>.8#..# ... ,..
........#.... , ,
...####.8.#...#.....
*
.....#..#.........%
, , ,
.....#........... ,
#..##....#..... * ,,
* #.§......#.#...,
#@§##.........≈ ≈ ,
# #FF.P.........≈ ,
... ##............≈≈
..#.#.............≈≈
*
....##...#..(.#..≈≈≈
,,
#........#....###.≈≈
, .........#....###
≈≈ ,
.#................,≈
≈
.#................≈


You could see 2 blink frogs.

Vanquished Creatures
  A hill giant (D:11)
  Pikel (D:9)
  Psyche (D:8)
  A spiny frog (Lair:1)
  A gargoyle (D:9)
  A komodo dragon (Lair:1)
  A two-headed ogre (D:10)
  A blink frog (Lair:1)
  4 hippogriffs
  A wyvern (D:9)
  A spriggan (D:9)
  A vampire (D:10)
  A shadow (D:10)
  20 yaks
  3 hungry ghosts
  A mottled dragon (D:11)
  2 ice beasts
  2 orc warriors (D:9)
  4 sky beasts
  A black bear (D:8)
  A wasp (D:10)
  6 ogres
  2 phantoms
  A necrophage (D:5)
  3 centaurs
  2 big kobolds
  4 bullfrogs
  A gnoll sergeant (D:7)
  6 scorpions
  9 killer bees
  A howler monkey (D:6)
  3 wights (D:7)
  2 crimson imps
  2 bullfrog zombies
  2 quasits (D:10)
  2 jellies
  3 hounds
  7 orc priests
  9 orc wizards
  3 centaur skeletons
  3 iguanas
  6 worker ants
  A hound skeleton (D:8)
  A hound zombie (D:6)
  11 gnolls
  11 adders
  3 shadow imps
  An adder zombie (D:8)
  An adder skeleton (D:4)
  6 worms
  4 dart slugs
  5 leopard geckos
  37 orcs
  4 bats
  5 giant cockroaches
  10 goblins
  5 hobgoblins
  11 jackals
  5 quokkas
  2 ball pythons
  8 frilled lizards
  14 kobolds
  A quokka skeleton (D:4)
  20 rats
293 creatures vanquished.

Vanquished Creatures (collateral kills)
  A cyclops (D:8)
1 creature vanquished.

Vanquished Creatures (others)
  A crimson imp (D:9)
  A hobgoblin (D:1)
2 creatures vanquished.

Grand Total: 296 creatures vanquished

Notes
Turn   | Place    | Note
-------+----------+-------------------------------------------
     0 | D:1      | Flanowski the Vine Stalker Transmuter began the quest for the Orb.
     0 | D:1      | Reached XP level 1. HP: 9/9 MP: 4/4
    60 | D:1      | Reached XP level 2. HP: 13/14 MP: 3/6
   464 | D:1      | Reached XP level 3. HP: 16/17 MP: 5/7
  1668 | D:2      | Found a hazy altar of Hepliaklqana.
  1910 | D:2      | Gained mutation: Your natural rate of healing is unusually fast. [Vine Stalker growth]
  1910 | D:2      | Reached XP level 4. HP: 21/21 MP: 7/9
  2087 | D:2      | Reached skill level 1 in Fighting
  2196 | D:2      | Found a glowing silver altar of Zin.
  2517 | D:3      | Reached XP level 5. HP: 25/25 MP: 7/10
  2539 | D:3      | Found a sacrificial altar of Ru.
  3015 | D:3      | Reached XP level 6. HP: 21/30 MP: 11/11
  3191 | D:3      | Reached skill level 5 in Unarmed Combat
  3214 | D:3      | Learned a level 2 spell: Sticks to Snakes
  3218 | D:3      | Learned a level 3 spell: Spider Form
  3696 | D:4      | Found a staircase to the Ecumenical Temple.
  3707 | Temple   | Entered the Ecumenical Temple
  3844 | D:4      | Reached XP level 7. HP: 21/33 MP: 10/13
  4099 | D:4      | Found Umnyew's Jewellery Boutique.
  4582 | D:5      | Entered Level 5 of the Dungeon
  4584 | D:5      | Found Lesaykh's Antique Weapon Shop.
  4946 | D:5      | Found Qiezast's Antique Armour Emporium.
  5027 | D:5      | Gained mutation: You have razor-sharp teeth. [Vine Stalker growth]
  5027 | D:5      | Reached XP level 8. HP: 24/37 MP: 7/15
  5229 | D:5      | Found Meilax's Assorted Antiques.
  5352 | D:5      | Found James's Armour Shop.
  5510 | D:5      | Reached skill level 5 in Transmutations
  5632 | D:5      | Bought an encrusted cloak for 266 gold pieces
  5642 | D:5      | Identified the +2 cloak "Fixyrcheph" {rF+ Stlth+} (You bought it in a shop on level 5 of the Dungeon)
  6104 | D:6      | Found Hefatz's Food Emporium.
  6254 | D:6      | Reached skill level 5 in Spellcasting
  6262 | D:6      | Found a snail-covered altar of Cheibriados.
  6641 | D:6      | Learned a level 5 spell: Blade Hands
  6645 | D:7      | Reached XP level 9. HP: 42/42 MP: 11/17
  7221 | D:7      | Found a shattered altar of Ashenzari.
  7611 | D:7      | Became a worshipper of Ashenzari the Shackled
  7672 | D:8      | Noticed Psyche
  7876 | D:8      | Killed Psyche
  8109 | D:8      | Reached XP level 10. HP: 25/46 MP: 15/20
  8527 | D:8      | Noticed a cyclops
  8557 | D:8      | Killed a cyclops
  9123 | D:9      | Noticed a gargoyle
  9290 | D:9      | Killed a gargoyle
  9485 | D:9      | Found an iron altar of Okawaru.
  9538 | D:9      | Reached skill level 10 in Unarmed Combat
  9602 | D:9      | Noticed Pikel
  9611 | D:9      | Killed Pikel
 10106 | D:10     | Entered Level 10 of the Dungeon
 10273 | D:10     | Reached XP level 11. HP: 48/51 MP: 20/22
 10382 | D:10     | Reached * piety under Ashenzari
 10554 | D:10     | Reached skill level 10 in Transmutations
 11061 | D:10     | Found a staircase to the Lair.
 11211 | D:10     | Learned a level 4 spell: Ice Form
 11219 | D:10     | Learned a level 7 spell: Dragon Form
 11559 | D:11     | Noticed a hill giant
 11579 | D:11     | Killed a hill giant
 11640 | D:11     | Noticed a tengu warrior
 11777 | Lair:1   | Entered Level 1 of the Lair of Beasts
 12019 | Lair:1   | Reached ** piety under Ashenzari
 12072 | Lair:1   | HP: 1/52 [blink frog (8)]
 12072 | Lair:1   | Slain by a blink frog

Vault maps used:
D:1:      lemuel_arrival_cross, minmay_heptomino_h4
D:2:      minmay_wonky_spiral, nicolae_overflow_crystal_walls,
          old_standard_altar, minmay_rat_gold_closets
D:3:      nicolae_ru_sacrificial_ziggurat
D:4:      serial_shops, shop, first_bread
D:5:      serial_shops, kennysheep_mini_moat, shop, nicolae_shop_waterfront,
          shop
D:6:      serial_shops, nicolae_shop_temple_entry_statues_fountains,
          serial_glass, glass_columns_c, glass_columns_c, feat_on_display,
          item_on_display_a, feat_on_display, lemuel_tele_altar
D:7:      ashenzari_conservatory_becter
D:8:      uniq_psyche
D:9:      okawaru_gym_becter, the_bakery, uniq_pikel
D:10:     lair_0_dummy
D:11:     nicolae_dithmenos_shadow_blocks, uniq_nergalle, uniq_erolcha
Temple:   eino_temple_rhombus
Lair:1:   minivault_26, st_stairs_11, grunt_megastairs_2, serial_bayou_shore_b,
          infiniplex_staircase_pool_2

Skill      XL: |  1  2  3  4  5  6  7  8  9 10 11 |
---------------+----------------------------------+-----
Dodging        | 2 3 4 |  4.6
Unarmed Combat | 4 5 6 7 8 10 11 | 11.6
Fighting       | 1 2 3 |  3.3
Spellcasting   | 3 4 5 6 7 |  7.8
Transmutations | 3 4 5 8 9 11 | 11.0
Poison Magic   | |  0.2

Action                   |  1- 3 |  4- 6 |  7- 9 | 10-12 || total
-------------------------+-------+-------+-------+-------++-------
Melee: Unarmed           |    39 |   219 |   311 |   296 ||   865
       Bite              |    22 |    50 |    55 |    53 ||   180
       Headbutt          |    12 |    16 |    18 |       ||    46
       Mace              |    71 |       |       |       ||    71
       Kick              |     4 |    23 |     9 |     2 ||    38
       Punch             |     1 |     8 |     5 |    15 ||    29
 Cast: Beastly Appendage |    22 |    30 |    16 |     4 ||    72
       Spider Form       |       |     7 |    25 |    21 ||    53
       Blade Hands       |       |       |    10 |    28 ||    38
       Sticks to Snakes  |       |       |       |     8 ||     8
Invok: Curse Item        |       |       |     3 |       ||     3
 Abil: End Transformatio |       |       |     1 |       ||     1
  Use: Scroll            |     1 |     4 |       |       ||     5
       Potion            |       |       |     1 |       ||     1
 Stab: Sleeping          |     5 |     1 |     2 |     4 ||    12
  Eat: Chunk             |     4 |     7 |    16 |    21 ||    48
       Bread ration      |       |       |     1 |       ||     1
       Pizza             |       |       |       |     2 ||     2
Armor: Robe              |    33 |    39 |    27 |    28 ||   127
       Skin              |       |     1 |     6 |     3 ||    10
Dodge: Dodged            |    62 |   131 |   231 |   175 ||   599
